Map: Efflorescence LE

Players

Faust

  • Race: Zerg Zerg
  • League: Diamond
  • Spawn Location: 9:00

Throwfordays

  • Race: Protoss Protoss
  • League: Silver
  • Spawn Location: 6:00

SnootyBubble - Winner!

  • Race: Zerg Zerg
  • Spawn Location: 3:00

Paidcriminal - Winner!

  • Race: Zerg Zerg
  • League: Diamond
  • Spawn Location: 12:00

VOD

Have the link to the VOD?

Description

Time

  • Played on: July 24, 2020, 11:25 p.m.
  • Length: 25:34
Show
View Real Time Build Order
Export as new Build Order

Faust Zerg 

Build Orders: Hatch First, Lurkers 

Get SALT Encoding   

  12  0:02  Drone  
  13  0:08  Drone  
  13  0:14  Extractor  
  13  0:15  Drone  
  15  0:23  Overlord  
  15  0:42  Drone x2  
  17  0:46  Drone  
  18  0:58  Hatchery  
  18  1:01  Drone  
  18  1:07  Drone  
  18  1:10  Extractor  
  18  1:20  Spawning Pool  
  18  1:23  Drone  
  18  1:29  Drone  
  19  1:39  Overlord  
  19  2:06  Queen  
  21  2:09  Overlord  
  21  2:11  Queen  
  21  2:14  Metabolic Boost  
  23  2:24  Drone x3  
  23  2:25  Drone  
  27  2:43  Baneling Nest  
  26  2:46  Zergling x2  
  26  2:48  Drone  
  28  2:56  Zergling x6  
  31  3:00  Zergling x2  
  31  3:03  Zergling x2  
  33  3:10  Drone x2  
  35  3:14  Overlord  
  35  3:16  Drone  
  36  3:26  Zergling x2  
  36  3:27  Zergling x6  
  40  3:37  Drone  
  40  3:38  Lair  
  40  3:40  Drone  
  40  3:41  Drone  
  42  4:01  Overlord  
  42  4:04  Drone  
  42  4:05  Drone x6  
  49  4:11  Overlord  
  49  4:13  Overlord  
  49  4:28  Roach Warren  
  40  4:40  Zergling x16  
  47  4:47  Evolution Chamber  
  47  4:48  Evolution Chamber  
  47  4:49  Drone  
  47  4:50  Drone x3  
  47  4:52  Extractor  
  48  4:54  Zergling x2, Extractor  
  48  5:03  Overseer  
  48  5:04  Pneumatized Carapace  
  48  5:06  Burrow  
  48  5:11  Drone x2  
  48  5:12  Drone x2  
  52  5:22  Drone x2  
  52  5:23  Drone  
  52  5:24  Glial Reconstitution  
  52  5:25  Extractor  
  54  5:29  Drone x3  
  57  5:36  Hatchery  
  56  6:07  Zerg Missile Weapons Level 1  
  56  6:08  Zerg Melee Weapons Level 1  
  56  6:09  Hydralisk Den  
  56  6:10  Drone  
  56  6:11  Drone  
  57  6:14  Drone  
  57  6:15  Drone x6  
  61  6:38  Baneling x3  
  57  6:42  Drone x2  
  57  6:43  Drone x4  
  63  6:49  Tunneling Claws  
  63  6:53  Grooved Spines  
  63  6:54  Hatchery  
  63  6:58  Lurker Den  
  61  7:08  Zergling x10  
  63  7:09  Zergling x4  
  63  7:10  Zergling x2  
  63  7:15  Queen  
  70  7:29  Baneling x2  
  70  7:30  Baneling x6  
  70  7:31  Baneling  
  70  7:32  Roach x6  
  82  7:40  Extractor  
  82  7:41  Drone, Overlord  
  82  7:43  Extractor  
  81  8:12  Drone x3  
  84  8:13  Drone x2  
  86  8:24  Drone x6  
  92  8:43  Roach x4  
  67  9:00  Ravager  
  67  9:01  Ravager x3  
  69  9:03  Roach  
  69  9:04  Roach x5  
  80  9:10  Zerg Missile Weapons Level 2  
  80  9:12  Zerg Melee Weapons Level 2  
  75  9:17  Infestation Pit  
  72  9:44  Hydralisk  
  74  9:47  Hatchery  
  62  10:05  Roach  
  62  10:06  Roach x9  
  61  10:19  Hydralisk x2  
  65  10:21  Hive  
  65  10:23  Queen  
  65  10:26  Queen  
  69  10:44  Lurker  
  69  10:47  Drone x5  
  69  10:48  Drone x3  
  78  10:51  Lurker  
  78  10:56  Lurker, Hydralisk  
  82  11:01  Spire  
  82  11:03  Spore Crawler x3  
  78  11:06  Spore Crawler  
  78  11:08  Spore Crawler  
  78  11:10  Spore Crawler, Drone  
  78  11:11  Drone x2  
  78  11:13  Spore Crawler x2, Drone x3  
  79  11:34  Overlord  
  79  11:35  Overlord x5  
  77  11:45  Hatchery  
  69  11:52  Hydralisk  
  69  11:53  Hydralisk x6  
  83  11:59  Muscular Augments, Queen  
  85  12:01  Queen  
  73  12:35  Lurker  
  69  12:42  Hydralisk  
  69  12:43  Hydralisk x11  
  83  12:51  Adaptive Talons  
  83  12:55  Drone  
  82  13:25  Drone  
  82  13:26  Drone x8  
  91  13:37  Zergling x6  
  91  13:38  Zergling x4  
  88  13:48  Seismic Spines  
  73  14:17  Lurker x2  
  73  14:18  Lurker  
  75  14:28  Drone x13  
  75  14:29  Hatchery  
  75  14:31  Extractor  
  86  14:36  Extractor  
  69  15:14  Hydralisk x10  
  80  15:22  Zergling x8  
  80  15:23  Zergling x2  
  80  15:26  Drone  
  80  15:27  Drone  
  87  15:28  Drone x2  
  87  15:30  Drone  
  90  15:49  Hydralisk  
  90  15:50  Hydralisk x6  
  104  15:59  Drone x2  
  104  16:00  Drone  
  104  16:02  Drone x3  
  104  16:03  Extractor  
  109  16:06  Zerg Melee Weapons Level 3  
  109  16:12  Adrenal Glands  
  109  16:18  Zerg Missile Weapons Level 3  
  109  16:20  Drone x2  
  111  16:26  Queen  
  111  16:30  Lurker x3  
  116  16:33  Drone  
  116  16:34  Drone x2  
  116  16:36  Drone  
  116  16:37  Drone  
  122  16:40  Drone  
  122  16:41  Drone x2  
  122  16:43  Drone  
  125  17:15  Lurker  
  125  17:16  Lurker x2  
  125  17:20  Overlord x5  
  125  17:21  Overlord  
  83  18:13  Hydralisk  
  83  18:14  Hydralisk x25  
  135  18:46  Lurker  
  135  18:47  Lurker x7  
  143  18:55  Zerg Ground Armor Level 1  
  143  19:38  Hydralisk x13  
  115  20:15  Hydralisk  
  115  20:16  Hydralisk x4  
  103  21:03  Drone x3  
  106  21:07  Hatchery  
  106  21:08  Extractor x2  
  103  21:12  Corruptor, Zerg Flyer Weapons Level 1  
  103  21:13  Corruptor  
  87  21:36  Corruptor x2  
  87  21:39  Zergling x2  
  88  21:40  Zergling x20  
  66  22:09  Corruptor  
  66  22:10  Corruptor  
Show
View Real Time Build Order
Export as new Build Order

Throwfordays Protoss 

Build Orders: Zealot Archon 

Get SALT Encoding   

  12  0:01  Probe  
  13  0:14  Pylon  
  13  0:19  Probe  
  14  0:31  Probe  
  15  0:37  Gateway  
  15  0:44  Probe  
  16  0:52  Probe  
  17  0:57  Assimilator  
  17  1:00  Probe  
  18  1:12  Probe  
  19  1:25  Cybernetics Core  
  19  1:28  Gateway  
  19  1:38  Probe  
  20  1:40  Assimilator  
  20  1:44  Warp Gate  
  20  1:49  Zealot  
  20  1:50  Probe  
  23  2:07  Pylon  
  23  2:25  Adept, Probe  
  23  2:29  Nexus  
  26  2:35  Adept  
  28  2:37  Probe  
  29  2:46  Pylon  
  29  2:57  Probe  
  30  3:08  Assimilator  
  30  3:10  Probe  
  31  3:13  Assimilator  
  31  3:16  Pylon  
  31  3:22  Probe  
  32  3:33  Twilight Council  
  32  3:34  Adept, Probe  
  33  3:36  Adept  
  37  3:42  Probe  
  37  3:46  Probe  
  39  3:54  Probe  
  40  4:12  Probe  
  40  4:14  Probe  
  42  4:17  Templar Archives  
  42  4:19  Gateway  
  42  4:21  Gateway  
  40  4:48  Psionic Storm  
  40  4:57  Stalker x2  
  44  5:03  Probe  
  45  5:08  Probe  
  46  5:15  Probe  
  46  5:20  Probe  
  48  5:23  High Templar  
  48  5:24  High Templar  
  48  5:25  High Templar x2  
  48  5:27  Probe  
  57  5:32  Probe  
  58  5:39  Probe  
  59  5:44  Probe  
  60  5:51  Probe  
  60  5:55  Archon x2  
  60  5:56  Probe  
  62  6:04  Assimilator  
  62  6:08  Assimilator  
  62  6:10  Pylon  
  62  6:12  Pylon x2  
  62  6:14  Pylon  
  62  6:16  Pylon  
  62  6:18  Pylon  
  62  6:28  Probe x2  
  62  6:30  High Templar x3  
  62  6:31  High Templar  
  72  6:32  Forge  
  72  6:35  Forge  
  72  6:40  Probe  
  73  6:47  Probe  
  73  6:49  Nexus  
  73  6:53  Probe  
  75  6:59  Probe  
  76  7:05  Probe  
  76  7:08  Protoss Ground Weapons Level 1  
  77  7:09  Protoss Ground Armor Level 1  
  77  7:12  Stalker x3  
  77  7:14  Stalker  
  85  7:17  Probe  
  86  7:38  High Templar x2  
  86  7:39  High Templar x2  
  94  8:09  Pylon  
  94  8:11  Probe  
  95  8:20  Probe  
  95  8:21  Pylon  
  95  8:26  Probe  
  97  8:29  Probe  
  97  8:34  Archon x2  
  98  8:35  High Templar  
  98  8:36  High Templar x3  
  98  8:39  Probe  
  107  8:41  Probe  
  107  8:44  Archon x2  
  108  8:48  Robotics Facility  
  108  8:50  Robotics Facility  
  108  8:51  Probe  
  108  8:54  Probe  
  110  9:03  Probe  
  111  9:15  Probe  
  112  9:29  Probe  
  113  9:36  Immortal  
  113  9:37  Gateway x2  
  117  9:39  Immortal  
  117  9:40  Gateway  
  117  9:41  Robotics Facility, Probe  
  117  9:43  Robotics Facility  
  118  10:04  High Templar x3  
  118  10:05  High Templar  
  126  10:10  Gateway  
  126  10:16  Immortal  
  122  10:39  Pylon  
  122  10:41  Pylon  
  122  10:42  Pylon  
  122  10:45  Pylon  
  122  10:47  Pylon  
  122  10:55  Nexus  
  126  10:57  Immortal  
  126  10:58  Pylon  
  126  11:15  Stalker x3  
  126  11:16  Stalker x4  
  126  11:17  Stalker  
  142  11:25  Charge  
  142  11:26  Protoss Ground Weapons Level 2  
  142  11:27  Protoss Ground Armor Level 2  
  142  11:53  Stalker x2  
  142  11:54  Stalker x6  
  130  13:22  Immortal x4  
  130  13:25  Zealot  
  130  13:26  Zealot x7  
  122  14:44  Archon  
  122  14:45  Archon x2  
  86  15:28  Zealot x3  
  86  15:29  Zealot x5  
  86  15:30  Probe  
  86  15:31  Immortal x2  
  86  15:32  Immortal x2  
  115  15:37  Probe  
  115  15:38  Probe  
  113  15:48  Probe  
  111  15:53  Protoss Ground Weapons Level 3, High Templar x2  
  111  15:54  High Templar x6  
  111  15:55  Protoss Ground Armor Level 3  
  128  16:00  Probe  
  129  16:27  Pylon  
  129  16:29  Nexus  
  129  16:30  Zealot x6  
  129  16:31  Zealot x2  
  129  16:32  Assimilator  
  145  16:36  Assimilator, Immortal x4  
  161  16:53  Stalker x6  
  173  16:54  Stalker x2  
  173  17:01  Pylon  
  177  17:15  Pylon  
  177  17:17  Pylon  
  177  17:18  Pylon  
  177  17:21  Pylon, Blink  
  177  17:26  Archon x2  
  177  17:28  High Templar x3  
  177  17:29  High Templar x3  
  189  17:39  Archon x2  
  189  17:40  Archon  
  189  17:42  High Templar x2  
  193  18:09  High Templar x2  
  193  18:10  High Templar  
  199  18:43  Protoss Shields Level 1  
  197  19:21  Resonating Glaives  
  103  20:43  Stargate  
  103  20:44  Stargate  
  103  20:47  Stargate  
  103  20:49  Stargate  
  99  21:07  Zealot x5  
  99  21:08  Nexus, Zealot x3  
  99  21:10  Pylon  
  115  21:13  Assimilator  
  115  21:18  Assimilator  
  115  21:27  Fleet Beacon  
  115  21:33  Stargate  
  115  21:37  Stargate  
  115  21:40  Stargate  
  115  21:41  Void Ray x4  
  129  22:00  Protoss Air Weapons Level 1  
  117  22:05  Zealot x3  
  117  22:06  Zealot x5  
  114  22:16  Void Ray  
  103  22:36  Void Ray x4  
  116  22:45  Void Ray  
  119  23:01  Void Ray  
  115  23:24  Void Ray x3  
  110  23:32  Zealot x3  
  110  23:33  Zealot  
  110  23:42  Pylon  
  110  23:45  Pylon  
  107  23:59  Flux Vanes  
  107  24:10  Void Ray x2  
  111  24:29  Void Ray  
  115  24:33  Zealot x4  
Show
View Real Time Build Order
Export as new Build Order

SnootyBubble Zerg - Winner!

Build Orders: Hatch First 

Get SALT Encoding   

  12  0:02  Drone  
  13  0:12  Overlord  
  13  0:18  Drone  
  14  0:31  Drone x2  
  16  0:38  Drone  
  17  0:49  Drone  
  18  0:58  Hatchery  
  18  1:00  Drone  
  18  1:06  Extractor  
  18  1:09  Drone  
  18  1:21  Spawning Pool  
  18  1:23  Drone  
  18  1:29  Drone  
  20  1:40  Drone  
  20  1:51  Drone  
  21  2:01  Overlord  
  21  2:09  Metabolic Boost  
  21  2:10  Queen  
  21  2:11  Queen  
  21  2:15  Drone  
  26  2:21  Drone  
  26  2:22  Drone  
  27  2:27  Drone  
  28  2:34  Drone  
  28  2:35  Drone  
  30  2:43  Drone  
  31  2:46  Drone  
  32  2:53  Overlord  
  32  2:56  Zergling x2  
  33  3:05  Drone, Roach Warren  
  34  3:07  Pneumatized Carapace  
  34  3:09  Drone  
  34  3:15  Drone  
  34  3:18  Drone  
  36  3:21  Drone x3  
  36  3:22  Drone x2  
  36  3:23  Drone  
  42  3:28  Drone  
  42  3:32  Zergling x2  
  44  3:39  Extractor, Drone  
  43  3:58  Overlord x2  
  43  4:07  Overlord x2  
  43  4:20  Roach x5  
  43  4:21  Roach  
  53  4:39  Roach  
  53  4:40  Roach x4  
  53  4:41  Roach  
  65  4:51  Roach  
  67  4:59  Drone x2  
  69  5:01  Hatchery  
  69  5:02  Roach  
  69  5:04  Drone x2  
  69  5:05  Drone  
  73  5:09  Drone  
  74  5:16  Drone  
  74  5:19  Extractor, Drone  
  75  5:22  Extractor  
  75  5:24  Drone  
  75  5:31  Lair  
  75  5:32  Overlord  
  75  5:35  Drone  
  76  5:49  Overlord x3  
  76  5:58  Drone  
  76  5:59  Drone  
  76  6:02  Drone x2  
  76  6:03  Drone  
  81  6:06  Drone  
  82  6:16  Drone  
  83  6:34  Roach x4  
  91  6:45  Drone x9  
  91  6:46  Drone  
  101  6:47  Overseer x2  
  101  6:48  Overseer  
  101  6:53  Overlord x2  
  101  6:58  Spire  
  100  7:31  Infestation Pit  
  99  7:43  Evolution Chamber  
  98  7:47  Evolution Chamber  
  97  7:54  Roach  
  97  7:55  Roach x7  
  97  7:58  Spore Crawler, Hatchery  
  111  8:05  Hatchery  
  111  8:11  Overseer  
  111  8:12  Overseer  
  110  8:14  Zerg Melee Weapons Level 1, Zerg Missile Weapons Level 1  
  110  8:30  Extractor  
  110  8:33  Zergling x2, Mutalisk x6  
  120  8:34  Overlord  
  120  8:35  Overlord x6  
  120  8:36  Extractor  
  109  9:02  Mutalisk x5  
  101  9:03  Roach  
  107  9:23  Mutalisk x3  
  90  10:09  Roach, Mutalisk x4  
  98  10:17  Corruptor  
  92  10:25  Hive  
  90  10:36  Drone x5  
  95  10:47  Pathogen Glands  
  95  10:48  Zerg Flyer Weapons Level 1  
  95  10:59  Glial Reconstitution  
  95  11:03  Hatchery  
  94  11:04  Hatchery  
  94  11:05  Queen x4  
  101  11:13  Corruptor x3  
  107  11:27  Corruptor  
  109  11:40  Queen  
  109  11:44  Corruptor  
  109  11:45  Corruptor x2  
  117  11:49  Drone x2  
  117  11:52  Extractor  
  118  11:55  Extractor  
  118  11:56  Drone  
  118  11:57  Drone x3  
  118  11:58  Drone  
  112  12:11  Mutalisk  
  112  12:12  Mutalisk x3  
  112  12:15  Roach  
  122  12:17  Roach x3  
  124  12:28  Infestor  
  107  12:45  Roach  
  107  12:46  Roach x11  
  117  13:03  Roach, Mutalisk  
  117  13:04  Roach x7  
  135  13:13  Greater Spire  
  135  13:21  Drone x3  
  135  13:22  Drone x3  
  135  13:24  Extractor, Drone x3  
  135  13:25  Drone  
  135  13:26  Extractor  
  143  13:30  Roach x12  
  129  13:57  Roach x16  
  157  14:14  Corruptor  
  157  14:15  Corruptor  
  100  14:43  Roach  
  100  14:44  Roach x19  
  122  14:53  Overseer  
  122  14:57  Overseer x4  
  99  15:20  Roach, Mutalisk  
  99  15:21  Mutalisk x3  
  99  15:22  Mutalisk x2  
  99  15:23  Roach x2, Mutalisk  
  99  15:28  Roach x3  
  97  15:30  Drone  
  96  15:41  Roach  
  96  15:42  Roach x4  
  106  15:55  Overlord x3  
  106  16:13  Drone x2  
  106  16:15  Drone  
  109  16:21  Corruptor  
  109  16:22  Corruptor x2  
  115  16:36  Corruptor x2  
  115  16:37  Corruptor x3  
  125  16:41  Overseer x2  
  125  16:45  Drone x2  
  127  16:49  Drone  
  127  16:50  Drone x2  
  128  17:03  Overlord x2  
  128  17:07  Brood Lord  
  130  17:15  Overlord x2  
  130  17:23  Brood Lord x2  
  130  17:24  Brood Lord x2  
  130  17:25  Overlord x2  
  138  17:32  Drone x2  
  138  17:33  Drone x3  
  138  17:34  Drone x2  
  138  17:35  Drone  
  138  17:36  Drone  
  147  17:38  Drone  
  147  17:39  Drone  
  149  17:46  Brood Lord  
  151  17:54  Corruptor x2  
  151  17:56  Drone x2  
  151  17:57  Drone  
  151  17:58  Drone  
  159  17:59  Drone  
  159  18:25  Overlord  
  159  18:26  Corruptor x6  
  171  18:35  Overlord x3  
  171  18:36  Overlord x2  
  171  18:37  Corruptor  
  173  18:48  Corruptor x2  
  173  18:51  Overlord x2  
  173  18:52  Overlord x2  
  177  19:00  Corruptor x3  
  177  19:01  Corruptor x4  
  191  19:06  Infestor  
  191  19:07  Infestor  
  195  19:27  Corruptor  
  195  19:28  Corruptor  
  159  20:32  Corruptor  
  159  20:33  Corruptor x12  
  175  20:51  Corruptor  
  175  20:52  Corruptor x4  
  185  21:08  Zergling x2  
  185  21:09  Zergling x28  
  187  21:22  Overseer  
  187  21:23  Overseer x3  
  187  21:30  Corruptor x3  
  161  21:53  Brood Lord  
  159  22:04  Zergling x24  
  159  22:05  Zergling x20  
  143  22:27  Brood Lord  
  143  22:28  Zergling x2  
  143  22:29  Zergling x22, Hatchery  
  120  23:07  Corruptor x3  
  120  23:09  Zergling x10  
  124  23:13  Drone  
  80  23:56  Corruptor  
  80  23:57  Corruptor x3  
  80  24:01  Corruptor  
  83  24:08  Corruptor  
  72  24:14  Corruptor  
  72  24:17  Drone  
  71  24:28  Corruptor x8  
  87  24:35  Extractor  
  84  24:41  Extractor  
  73  24:56  Zergling x14  
  73  24:57  Zergling x14  
Show
View Real Time Build Order
Export as new Build Order

Paidcriminal Zerg - Winner!

Build Orders: Hatch First 

Get SALT Encoding   

  12  0:01  Drone  
  13  0:16  Overlord  
  13  0:18  Drone  
  14  0:34  Drone  
  14  0:35  Drone  
  16  0:38  Drone  
  17  0:52  Drone  
  18  1:00  Hatchery  
  18  1:01  Extractor  
  18  1:02  Drone  
  17  1:12  Drone  
  18  1:20  Spawning Pool  
  17  1:26  Drone  
  18  1:33  Drone  
  19  1:45  Drone  
  20  1:53  Overlord  
  20  2:07  Metabolic Boost  
  20  2:12  Queen  
  20  2:13  Queen  
  20  2:15  Zergling x2  
  25  2:26  Zergling x4  
  25  2:27  Drone  
  25  2:28  Drone  
  29  2:41  Roach Warren  
  29  2:43  Drone  
  30  2:44  Drone  
  30  2:57  Drone x3  
  33  2:59  Overlord  
  33  3:21  Roach x3  
  33  3:22  Roach x2  
  33  3:23  Drone  
  44  3:27  Extractor, Drone  
  44  3:32  Overlord  
  44  3:50  Ravager x2  
  46  3:57  Roach  
  46  3:58  Zergling x2  
  46  3:59  Drone x2  
  46  4:00  Overlord  
  46  4:01  Drone  
  52  4:11  Overlord x2  
  52  4:23  Drone x2  
  53  4:35  Roach x2  
  49  4:44  Zergling x4  
  48  4:59  Drone  
  50  5:00  Drone x4  
  50  5:04  Drone  
  50  5:05  Hatchery  
  53  5:11  Hatchery  
  53  5:13  Drone x2  
  54  5:15  Lair  
  54  5:23  Ravager  
  54  5:25  Drone x3  
  54  5:26  Drone x4  
  62  5:42  Drone x2  
  64  5:43  Overlord  
  64  5:44  Evolution Chamber  
  64  5:45  Evolution Chamber  
  62  5:54  Zergling x6  
  65  6:03  Extractor  
  64  6:05  Extractor, Spore Crawler  
  62  6:12  Roach  
  62  6:13  Roach x5  
  62  6:14  Hatchery  
  71  6:30  Roach x3  
  74  6:34  Roach x2  
  74  6:35  Roach  
  79  6:43  Drone  
  79  6:44  Drone x2  
  82  6:51  Spore Crawler  
  81  6:57  Spire  
  80  7:10  Drone x6  
  80  7:11  Drone x3  
  89  7:19  Infestation Pit  
  89  7:20  Zerg Ground Armor Level 1, Zerg Missile Weapons Level 1  
  88  7:25  Drone  
  88  7:26  Drone x6, Hydralisk Den  
  88  7:27  Drone  
  95  7:35  Drone  
  96  7:44  Extractor  
  96  7:46  Extractor, Spine Crawler  
  96  7:48  Spine Crawler  
  96  7:50  Overseer  
  92  7:57  Hydralisk x2  
  96  7:59  Overlord x3  
  96  8:14  Overlord  
  96  8:15  Overlord x2  
  96  8:17  Hydralisk x3  
  96  8:18  Hydralisk  
  104  8:30  Hydralisk x4  
  111  8:44  Hydralisk x5  
  119  8:52  Hydralisk x3  
  119  8:53  Mutalisk  
  125  9:02  Hydralisk  
  125  9:03  Hydralisk  
  125  9:05  Drone x7  
  136  9:17  Hive  
  136  9:24  Hydralisk  
  136  9:29  Zergling x12  
  141  9:59  Hydralisk x3  
  131  10:00  Hydralisk x4  
  131  10:04  Zergling x2  
  144  10:08  Hatchery  
  144  10:12  Overlord x3  
  144  10:13  Overlord  
  143  10:29  Overlord x3  
  143  10:32  Zerg Ground Armor Level 2, Zerg Missile Weapons Level 2  
  143  10:37  Drone  
  143  10:40  Drone x2  
  143  10:41  Drone x5  
  151  10:44  Spine Crawler  
  151  10:45  Spore Crawler  
  151  10:46  Drone x5  
  154  10:53  Zergling x8  
  154  10:55  Adrenal Glands  
  158  10:59  Extractor  
  158  11:01  Drone x3  
  158  11:02  Extractor  
  159  11:07  Grooved Spines  
  159  11:08  Pathogen Glands  
  159  11:10  Zergling x6  
  159  11:11  Zergling x2  
  163  11:19  Hatchery  
  163  11:23  Ultralisk Cavern  
  163  11:24  Zergling x4, Hatchery, Greater Spire  
  163  11:25  Zergling x6  
  165  11:26  Hatchery  
  154  11:48  Zergling x2  
  154  11:49  Zergling x10  
  154  11:50  Zergling x8  
  158  12:06  Hydralisk x7  
  158  12:07  Hydralisk x5  
  177  12:09  Zergling x4  
  175  12:22  Ultralisk  
  164  12:35  Hydralisk x2  
  164  12:36  Hydralisk x6  
  172  12:37  Zergling x2  
  172  12:38  Zergling x8, Hatchery  
  172  12:43  Extractor  
  171  12:45  Zergling x6  
  171  12:46  Zergling x4  
  158  13:00  Ultralisk x2  
  158  13:05  Zergling x10  
  166  13:06  Zergling x4  
  166  13:09  Queen  
  169  13:12  Drone  
  169  13:13  Drone x2  
  169  13:18  Mutalisk x3  
  169  13:19  Overlord  
  177  13:29  Overseer x3  
  177  13:31  Zerg Melee Weapons Level 1, Zerg Missile Weapons Level 3  
  165  13:53  Ultralisk x2  
  140  14:03  Hydralisk x4  
  140  14:04  Hydralisk x2  
  138  14:10  Corruptor  
  138  14:12  Zergling x8  
  138  14:13  Zergling x16  
  138  14:14  Zergling x6  
  138  14:16  Infestor  
  152  14:29  Hydralisk x4  
  160  14:35  Ultralisk  
  160  14:36  Zergling x2  
  160  14:37  Zergling x4  
  152  14:45  Zergling x4  
  152  14:46  Zergling x8  
  152  14:50  Overseer x2  
  152  14:51  Overseer x3  
  136  14:54  Hydralisk  
  136  14:55  Hydralisk  
  140  15:05  Hydralisk  
  140  15:06  Hydralisk x3  
  138  15:08  Zergling x2  
  138  15:09  Drone  
  138  15:10  Drone  
  128  15:19  Hydralisk x3  
  123  15:22  Zergling x6  
  123  15:27  Drone  
  123  15:28  Drone x3  
  123  15:29  Drone  
  123  15:32  Hydralisk  
  113  15:41  Drone x3  
  113  15:42  Drone x3  
  116  15:54  Ultralisk  
  116  15:55  Drone  
  116  15:56  Drone x2  
  125  16:01  Extractor  
  124  16:05  Zergling x4  
  124  16:06  Zergling x2  
  125  16:25  Ultralisk x3  
  143  16:33  Corruptor x2  
  143  16:35  Drone  
  143  16:37  Drone, Corruptor x2  
  153  16:41  Corruptor  
  153  16:42  Corruptor  
  157  16:57  Corruptor  
  159  17:05  Chitinous Plating  
  159  17:10  Brood Lord x3  
  159  17:11  Corruptor  
  159  17:13  Zergling x4  
  169  17:21  Corruptor  
  169  17:22  Corruptor x2  
  171  17:23  Corruptor x2  
  179  17:31  Corruptor x2  
  179  17:36  Brood Lord  
  185  17:45  Corruptor  
  185  17:48  Brood Lord  
  171  18:11  Corruptor  
  171  18:12  Hatchery  
  172  18:13  Brood Lord  
  174  18:32  Overlord x4  
  174  18:33  Overlord  
  174  18:49  Overlord  
  174  18:50  Overlord x3  
  174  18:51  Overseer  
  167  19:33  Brood Lord x3  
  161  19:56  Brood Lord x2  
  161  19:57  Brood Lord x3  
  151  20:08  Corruptor x2  
  151  20:10  Corruptor x3, Brood Lord  
  149  20:28  Corruptor x2  
  143  20:38  Hydralisk x7  
  143  20:39  Hydralisk  
  159  20:50  Corruptor x4  
  159  20:54  Drone x2  
  169  20:57  Zergling x8  
  169  21:03  Hydralisk  
  169  21:04  Hydralisk x2  
  171  21:53  Corruptor x2  
  175  21:58  Hydralisk x5  
  175  21:59  Hydralisk x4  
  192  22:21  Zergling x6  
  192  22:22  Zergling x10  
  199  22:54  Zergling x2  
  197  23:02  Zergling x6  
  197  23:03  Zergling x10  
  195  23:17  Zergling x2  
  195  23:18  Zergling x20  
  199  23:23  Zergling x4  
  199  23:24  Zergling x6  
  198  23:28  Zergling x4  
  198  23:41  Overseer  
  198  23:42  Overseer x2  
  179  24:11  Corruptor x3  
  167  24:18  Corruptor  
  154  24:24  Corruptor  
  149  24:47  Corruptor x3  
  154  24:55  Hatchery  
  154  24:58  Extractor  
  154  24:59  Extractor  
  149  25:02  Extractor  
  149  25:04  Corruptor x2  
  149  25:05  Extractor  
Tags
 
Add a new tag
Caveats
  • Supply blocks, unpowered buildings, or Contaminate may cause inaccurate times.
  • Supply counts are checked every 10 seconds.